 Dungeon Crawl Stone Soup version 0.18-a0-1514-g6ed9364 (webtiles) character file.

166 Duffy the Slasher (level 5, -14/41 HPs)
             Began as a Formicid Abyssal Knight on Mar 6, 2016.
             Was a Believer of Lugonu.
             Demolished by a moth of wrath (19 damage)
             ... on level 3 of the Dungeon.
             The game lasted 00:05:32 (3654 turns).

Duffy the Slasher (Formicid Abyssal Knight)         Turns: 3654, Time: 00:05:33

Health: -14/41     AC:  8    Str: 17    XL:     5   Next: 76%
Magic:  6/6        EV:  7    Int: 11    God:    Lugonu [**....]
Gold:   99         SH:  4    Dex: 11    Spells: 0 memorised, 4 levels left

rFire  . . .     SeeInvis +     t - +0 long sword
rCold  . . .     Gourm    .     g - +0 chain mail
rNeg   . . .     Faith    +     l - +0 buckler
rPois  .         Spirit   .     (helmet unavailable)
rElec  .         Dismiss  .     (no cloak)
rCorr  .         Reflect  .     (no gloves)
SustAt .         Harm     .     (no boots)
MR     .....                    o - amulet of faith (curse)
Stlth  ..........               (no ring)
                                (no ring)

@: not resistant to hostile enchantments, extremely unstealthy
A: permanent stasis, dig shafts and tunnels, four strong arms, antennae 3
a: Dig, Shaft Self, Depart the Abyss, Bend Space, Renounce Religion


You were on level 3 of the Dungeon.
You worshipped Lugonu.
Lugonu was pleased with you.
You were not hungry.

You visited 1 branch of the dungeon, and saw 4 of its levels.
You visited the Abyss 1 time.

You collected 99 gold pieces.


Innate Abilities, Weirdness & Mutations

You are under a permanent stasis effect.
You can dig through walls and to a lower floor.
Your four strong arms can wield two-handed weapons with a shield.
You have a pair of large antennae on your head (SInv).


   Skills:
 - Level 3.2 Fighting
 + Level 4.7 Long Blades
 - Level 2.1 Armour
 - Level 0.8 Dodging
 - Level 3.0 Shields
 - Level 2.1 Invocations


You had 4 spell levels left.
You didn't know any spells.

Inventory:

Hand Weapons
 a - a +1 falchion
 t - a +0 long sword (weapon)
Armour
 g - a +0 chain mail (worn)
 l - a +0 buckler (worn)
Jewellery
 n - an uncursed ring of see invisible {unknown}
 o - a cursed amulet of faith (around neck)
Scrolls
 b - a scroll of magic mapping {unknown}
 e - a scroll of recharging {unknown}
 h - a scroll of identify {unknown}
 k - a scroll of fear {unknown}
 m - a scroll of remove curse {unknown}
 q - a scroll of blinking {unknown}
 s - a scroll of noise {unknown}
Potions
 d - a potion of invisibility {unknown}
 j - a potion of ambrosia {unknown}
 r - a potion of degeneration {unknown}
Comestibles
 c - 2 bread rations
 f - a meat ration
 i - 2 beef jerkies
 p - a chunk of flesh

Dungeon Overview and Level Annotations

Branches:
Dungeon (4/15)
 Temple: D:4-7

Altars:
Nemelex Xobeh
Trog

Annotations:
D:3 Natasha, Purgy
D:4 Menkaure


Message History

You kill the rat!
Lugonu accepts your kill.
You hit the orc.
The orc is severely wounded.
The orc hits you but does no damage.
You slash the orc!
You kill the orc!
Lugonu accepts your kill.
No target in view!
No target in view!
Some of the chunks of flesh in your inventory have rotted away.
Items here: % )) [ a falchion; a glowing hunting sling; a ring mail; an orc corpse
Okay, then.
You see here a rat skeleton.
Found a dagger.
Found a bloodstained altar of Trog.
Found a glowing flail.
There is a bloodstained altar of Trog here.
Press: ? - help, v - describe, . - travel
Here: a moth of wrath (fire blocked by an iron grate)
The floor.
You extend your mandibles.
You dig through the iron grate.
The moth of wrath bites you!!
You retract your mandibles.
You hit the moth of wrath.
The moth of wrath is lightly wounded.
The moth of wrath bites you but does no damage.
The moth of wrath barely misses you. The moth of wrath bites you!!
You slash the moth of wrath!
The moth of wrath is lightly wounded.
The moth of wrath bites you but does no damage.
You slash the moth of wrath!
The moth of wrath is heavily wounded.
The moth of wrath bites you!!
You die...

#.# #.# #.. #.# #.#
..# #.# #.# #.# ######
#.# #.# #.# ##....###
#.# #.# #.###.......##
#.# #.# #.##.........#
#.# #.#
#.##....#....## #<#
#.######.##...###....#
###
#....)%@y.......#._..#
###########...###...)#
#....#....##
#.........#
##......)## ##....###
######


You could see a moth of wrath.

Action                   |  1- 3 |  4- 6 || total
-------------------------+-------+-------++-------
Melee: Falchion          |    76 |   165 ||   241
       Long sword        |       |    23 ||    23
Invok: Depart the Abyss  |     1 |       ||     1
 Abil: Dig               |       |     1 ||     1
  Eat: Chunk             |     2 |     7 ||     9

Notes
Turn   | Place    | Note
--------------------------------------------------------------
     0 | Abyss:1  | Duffy the Formicid Abyssal Knight began the quest for the Orb.
     0 | Abyss:1  | Reached XP level 1. HP: 18/18 MP: 2/2
     0 | D:1      | Escaped the Abyss
   198 | D:1      | Reached XP level 2. HP: 14/24 MP: 3/3
   452 | D:1      | Reached skill level 3 in Long Blades
   452 | D:1      | Reached XP level 3. HP: 22/29 MP: 4/4
   566 | D:1      | Reached * piety under Lugonu
  1345 | D:2      | Reached XP level 4. HP: 31/35 MP: 5/5
  1349 | D:2      | Reached skill level 1 in Shields
  1510 | D:2      | Reached skill level 4 in Long Blades
  1706 | D:2      | Reached skill level 2 in Shields
  1706 | D:2      | Reached XP level 5. HP: 5/41 MP: 6/6
  2144 | D:2      | Noticed Terence
  2388 | D:3      | Noticed Purgy
  2529 | D:1      | Killed Terence
  2686 | D:2      | Reached ** piety under Lugonu
  2972 | D:2      | Found a sparkling altar of Nemelex Xobeh.
  3336 | D:3      | Noticed Natasha
  3404 | D:3      | Reached skill level 3 in Shields
  3443 | D:4      | Noticed Menkaure
  3567 | D:3      | Noticed a moth of wrath
  3630 | D:3      | Found a bloodstained altar of Trog.
  3654 | D:3      | Demolished by a moth of wrath

Vault maps used:
D:1:      evilmike_arrival_hilbert_curve
D:2:      nemelex_xobeh_ov_fountains_minmay, uniq_terence
D:3:      lemuel_castle_with_subvaults, tgw_trog, first_bread, uniq_natasha,
          uniq_purgy
D:4:      uniq_menkaure

Vanquished Creatures
  Terence
  4 gnolls
  3 adders
  An ooze
  2 giant geckos
  An orc
  8 bats
  8 goblins
  6 hobgoblins
  13 jackals
  2 quokkas
  3 ball pythons
  2 giant newts
  5 kobolds
  7 rats
66 creatures vanquished.
